 Dungeon Crawl Stone Soup version 0.27-a0-1325-g58a489ad9e (webtiles) character file.

Game seed: 12096968626279173501

2014 avis the Insei (level 8, -2/66 HPs)
             Began as a Demigod Transmuter on June 25, 2021.
             Slain by a yak (11 damage)
             ... on level 6 of the Dungeon.
             The game lasted 00:46:56 (8090 turns).

avis the Insei (Demigod Transmuter)                 Turns: 8090, Time: 00:46:56

Health: -2/66      AC:  2    Str: 17    XL:     8   Next: 72%
Magic:  12/17      EV: 25    Int: 21    God:
Gold:   228        SH:  0    Dex: 27    Spells: 11/15 levels left

rFire    . . .     SeeInvis .     - Unarmed
rCold    . . .     Faith    .   (shield currently unavailable)
rNeg     . . .     Spirit   .   (armour currently unavailable)
rPois    x         Reflect  .   (helmet currently unavailable)
rElec    .         Harm     .   (cloak currently unavailable)
rCorr    .         Rampage  .   (gloves currently unavailable)
Will     .....                  (boots currently unavailable)
Stlth    ++........             (no amulet)
HPRegen  0.21/turn              m - +6 ring of strength
MPRegen  0.15/turn              p - +6 ring of intelligence

@: spider-form
A: venomous fangs, tiny, high mp 1, forlorn
a: End Transformation


You were on level 6 of the Dungeon.
You were a venomous arachnid creature.
You visited 1 branch of the dungeon, and saw 6 of its levels.
You also visited: Sewer and Ossuary.

You collected 228 gold pieces.

Inventory:

Hand Weapons
 b - a +2 hand crossbow of freezing
 j - a +2 dagger of speed
 r - a +2 whip of pain
 y - a +1 dagger of protection
 L - a +2 dagger of speed
 N - a +1 vorpal flail
Missiles
 d - 144 stones
 f - 2 atropa-tipped darts
 i - 16 sling bullets
 u - 29 poisoned darts
 F - 42 arrows
 R - 13 bolts
Armour
 a - a +0 robe
 q - a +0 cloak (melded)
 s - a +0 buckler (melded)
 z - a +1 leather armour of cold resistance (melded)
 A - a +0 pair of boots (melded)
 O - a +0 scale mail
Magical Staves
 P - a staff of conjuration
Jewellery
 l - an amulet of guardian spirit
 m - a +6 ring of strength (left front leg)
 p - a +6 ring of intelligence (right front leg)
 E - a ring of fire
 K - a ring of magical power
Wands
 o - a wand of flame (17)
 M - a wand of acid (3)
Scrolls
 e - a scroll of enchant armour {unknown}
 n - 2 scrolls of enchant weapon {unknown}
 w - 3 scrolls of teleportation {unknown}
 x - a scroll of vulnerability {unknown}
 D - a scroll of summoning {unknown}
 H - a scroll of noise {unknown}
 Q - a scroll of identify
 T - a scroll of magic mapping
 U - a scroll of amnesia
Potions
 c - a potion of flight {unknown}
 g - 5 potions of haste
 h - 2 potions of resistance
 k - 3 potions of heal wounds {unknown}
 t - 2 potions of invisibility
 v - 3 potions of attraction
 B - 4 potions of brilliance {unknown}
 C - a potion of mutation {unknown}
 G - 4 potions of might {unknown}
 I - a potion of lignification {unknown}
 J - 2 potions of magic {unknown}
 S - a potion of curing


   Skills:
 - Level 4.0 Fighting
 - Level 5.0 Dodging
 - Level 7.0 Unarmed Combat
 - Level 4.0 Spellcasting
 + Level 4.6 Transmutations
 - Level 1.0 Poison Magic


You had 11 spell levels left.
You knew the following spells:

 Your Spells              Type           Power      Damage    Failure   Level
a - Beastly Appendage     Tmut           46%        N/A       8%          1
p - Spider Form           Tmut/Pois      8%         N/A       26%         3

Your spell library contained the following spells:

 Spells                   Type           Power      Damage    Failure   Level
 Wereblood                Tmut           23%        N/A       10%         2
 Animate Skeleton         Necr           8%         N/A       28%         1
 Apportation              Tloc           8%         N/A       28%         1
 Corona                   Hex            4%         N/A       28%         1
 Summon Small Mammal      Summ           16%        N/A       28%         1
 Ensorcelled Hibernation  Hex/Ice        8%         N/A       38%         2
 Confusing Touch          Hex            4%         N/A       56%         3
 Dazzling Flash           Conj/Hex       8%         N/A       56%         3
 Tukima's Dance           Hex            4%         N/A       56%         3
 Ice Form                 Ice/Tmut       14%        N/A       63%         4


Dungeon Overview and Level Annotations

Branches:
Dungeon (5/15)              Sewer (visited)         Ossuary (visited)
 Temple: D:4-7

Annotations:
D:4 3 runed translucent doors, Atlas's ghost, novice DjAE


Innate Abilities, Weirdness & Mutations

You are a venomous arachnid creature.
You have poisonous fangs.
You are tiny and dextrous.
Your spellcasting is less reliable in this form.
Your armour is entirely melded.
You are incapable of wielding weapons or throwing items.
Your attributes grow dramatically as you level up.
You have an increased reservoir of magic. (+10% MP)
You shall have no god before yourself.


Message History

Casting: Spider Form (dangerous; 26% risk of failure)
Confirm with . or Enter, or press ? or * to list all spells.
You grow a pair of large bovine horns.
Your feet morph into talons.
Your +0 pair of boots melds into your body.
You kill the yak!
You punch the yak! You claw the yak.
The yak is moderately wounded.
The yak gores you but does no damage.
You hit the yak. You claw the yak, but do no damage.
Your headbutt misses the yak.
The yak is moderately wounded.
The yak gores you!
* * * LOW HITPOINT WARNING * * *
You hit the yak. You claw the yak.
The yak is heavily wounded.
The yak barely misses you.
You barely miss the yak. You claw the yak, but do no damage.
The yak is heavily wounded.
The yak barely misses you.
You punch the yak!
The yak is severely wounded.
The yak gores you.
* * * LOW HITPOINT WARNING * * *
You hit the yak. Your kick misses the yak. You headbutt the yak.
The yak is severely wounded.
The yak barely misses you.
Casting: Beastly Appendage (safe; 3% risk of failure)
Confirm with . or Enter, or press ? or * to list all spells.
Your horns disappear.
Your talons disappear.
Your +0 pair of boots unmelds from your body.
You turn into a venomous arachnid creature.
Your +0 cloak melds into your body.
Your +0 pair of boots melds into your body.
Your +0 buckler melds into your body.
Your +1 leather armour of cold resistance melds into your body.
You feel less resistant to cold. The yak closely misses you.
You hit the yak.
The yak is poisoned.
The yak is almost dead.
The yak gores you!
You die...

. .... #.#...
#.#..# #.#..#
....# # ... #. #†#
#.#######.#
#.....sY..##
###.####...##
#.###.....##
#.##.......## #
#.#.........#.###F
#.#...............
#..............#
##........##.....#
##.........#
#...##


You could see a yak (very poisoned).

Vanquished Creatures
  4 yaks (D:6)
  Edmund (D:4)
  A water moccasin (D:6)
  2 ogres
  An ice beast (D:3)
  A gnoll sergeant (D:2)
  4 water moccasin zombies (Ossuary)
  2 bullfrog skeletons (D:5)
  A hound (D:4)
  A jelly (D:5)
  4 iguanas
  Natasha (thrice) (D:2)
  A hound zombie (D:5)
  2 hound skeletons
  3 mummies
  A howler monkey zombie (D:6)
  5 gnolls (D:2)
  10 adders
  A river rat (D:5)
  2 white imps
  An ufetubus (D:5)
  An adder skeleton (D:4)
  4 adder zombies (Ossuary)
  A worm (D:2)
  2 dart slugs
  2 orcs
  12 endoplasms
  7 giant cockroaches
  6 goblins
  6 hobgoblins
  14 jackals
  6 quokkas
  7 ball pythons
  8 bats
  4 frilled lizards
  2 hobgoblin zombies (Ossuary)
  12 kobolds
  5 kobold zombies (Ossuary)
  9 orc zombies (Ossuary)
  5 rats
164 creatures vanquished.

Vanquished Creatures (others)
  14 plants
14 creatures vanquished.

Grand Total: 178 creatures vanquished

Notes
Turn   | Place    | Note
-------+----------+-------------------------------------------
     0 | D:1      | avis the Demigod Transmuter began the quest for the Orb.
     0 | D:1      | Reached XP level 1. HP: 15/15 MP: 5/5
   100 | D:1      | Reached skill level 3 in Unarmed Combat
   638 | D:1      | Reached XP level 2. HP: 15/22 MP: 5/7
  1513 | D:2      | Noticed Natasha
  1675 | D:1      | Reached XP level 3. HP: 9/27 MP: 6/8
  1876 | D:1      | Learned a level 3 spell: Spider Form
  1911 | D:2      | Killed Natasha
  1912 | D:2      | Reached skill level 4 in Unarmed Combat
  1912 | D:2      | Reached skill level 1 in Poison Magic
  1912 | D:2      | Reached skill level 1 in Fighting
  2461 | D:2      | Reached XP level 4. HP: 35/36 MP: 7/9
  2509 | D:2      | Noticed Natasha
  2517 | D:2      | Killed Natasha
  2739 | D:2      | Noticed Natasha
  2831 | D:2      | Killed Natasha
  3332 | D:3      | Noticed a gnoll sergeant
  3348 | D:2      | Killed a gnoll sergeant
  3349 | D:2      | Reached skill level 5 in Unarmed Combat
  3349 | D:2      | Reached XP level 5. HP: 10/42 MP: 7/10
  4432 | D:3      | Noticed an ice beast
  5066 | D:3      | Killed an ice beast
  5067 | D:3      | Reached XP level 6. HP: 39/51 MP: 8/11
  5257 | D:4      | Found a sand-covered staircase.
  5325 | Ossuary  | Entered an ossuary
  5501 | Ossuary  | Reached skill level 6 in Unarmed Combat
  5708 | Ossuary  | Reached XP level 7. HP: 41/57 MP: 12/12
  5888 | Ossuary  | Reached skill level 7 in Unarmed Combat
  6315 | D:4      | Noticed Atlas's ghost (novice DjAE)
  6342 | D:4      | Found a runed translucent gate.
  6342 | D:4      | Found a runed translucent gate.
  6342 | D:4      | Found a runed translucent gate.
  6409 | D:4      | Noticed Edmund
  6422 | D:4      | Killed Edmund
  6719 | D:5      | Entered Level 5 of the Dungeon
  6725 | D:5      | Reached skill level 5 in Dodging
  6856 | D:5      | Found a glowing drain.
  6860 | Sewer    | Entered a sewer
  7414 | Sewer    | Reached XP level 8. HP: 65/66 MP: 3/13
  7971 | D:5      | You fall into a shaft and drop 1 floor!
  8090 | D:6      | Slain by a yak

Illustrated notes

Levels and vault maps discovered:
D:1:      saegor_arrival_under_anarchy, layout_loops_corners
D:2:      layout_loops_cross, uniq_natasha
D:3:      wad_lake_hut, layout_rooms, small_statue_intersection
D:4:      layout_gridville, gammafunk_ghost_icy, gup_ossuary_entry_pyramid,
          kennysheep_crisscross, uniq_edmund
D:5:      layout_loops_ring, gup_sewer_entry_bowl
D:6:      layout_loops_corners, minmay_temple_entry_overgrown

Skill      XL: |  1  2  3  4  5  6  7  8 |
---------------+-------------------------+-----
Unarmed Combat | 3 4 5 6 7 |  7.0
Transmutations | 2 4 |  4.6
Poison Magic   | 1 |  1.0
Fighting       | 1 2 3 4 |  4.0
Dodging        | 5 |  5.0
Spellcasting   | 4 |  4.0

Action                   |  1- 3 |  4- 6 |  7- 9 || total
-------------------------+-------+-------+-------++-------
Melee: Unarmed           |   109 |   157 |   188 ||   454
       Headbutt          |    14 |    19 |    11 ||    44
       Kick              |    18 |    44 |    26 ||    88
 Fire: Hand crossbow     |       |       |     8 ||     8
 Cast: Beastly Appendage |    32 |    31 |    18 ||    81
       Spider Form       |     2 |    16 |    21 ||    39
  Use: Scroll            |       |     4 |     4 ||     8
       Potion            |       |     1 |       ||     1
 Stab: Sleeping          |     2 |     1 |     1 ||     4
Armor: Robe              |    18 |     4 |       ||    22
       Skin              |       |     2 |     4 ||     6
       Leather armour    |       |    12 |    19 ||    31
Dodge: Dodged            |    70 |    97 |   103 ||   270
Block: Buckler           |       |     6 |     8 ||    14

Table legend: (Time is in decaauts)
 A = Elapsed time spent in this place.
 B = Non-inter-level travel time spent in this place.
 C = Inter-level travel time spent in this place.
 D = Time resting spent in this place.
 E = Time spent auto-exploring this place.
 F = Levels seen in this place.
 G = Mean time per level.
                   A        B        C        D        E       F      G
               +--------+--------+--------+--------+--------+-----+--------+
         Total |   8291 |   7864 |    427 |   3219 |   2465 |   8 | 1036.4 |
       Dungeon |   6669 |   6242 |    427 |   2687 |   1965 |   6 | 1111.5 |
         Sewer |    956 |    956 |      0 |     65 |    500 |   1 |  956.0 |
       Ossuary |    664 |    664 |      0 |    467 |      0 |   1 |  664.0 |
               +--------+--------+--------+--------+--------+-----+--------+

Top non-repeatable levels by time:
     D:1: 2447 daAuts
     D:2: 2088 daAuts
   Sewer: 956 daAuts
     D:4: 908 daAuts
     D:3: 702 daAuts
 Ossuary: 664 daAuts
     D:5: 409 daAuts
     D:6: 114 daAuts
